 Dungeon Crawl Stone Soup version 0.25-a0-464-g3004169c2b (webtiles) character file.

Game seed: 9651552200132203803, levelgen mode: deterministic

6781 MisterFreud the Spry (level 10, -21/51 HPs)
             Began as a Felid Berserker on Feb 4, 2020.
             Was the Champion of Trog.
             Demolished by a wolf spider (24 damage)
             ... on level 11 of the Dungeon.
             The game lasted 00:26:31 (12638 turns).

MisterFreud the Spry (Felid Berserker)             Turns: 12638, Time: 00:26:31

Health: -21/51     AC:  2    Str: 13      XL:     10   Next: 76%
Magic:  14/14      EV: 32    Int:  9      God:    Trog [******]
Gold:   772        SH:  0    Dex: 18 (19) Spells: 11/11 levels left
                                        Lives:  0   Deaths: 3

rFire    . . .     SeeInvis +     - Unarmed
rCold    . . .     Gourm    .   (shield unavailable)
rNeg     . . .     Faith    +   (armour unavailable)
rPois    .         Spirit   .   (helmet unavailable)
rElec    .         Reflect  .   (cloak unavailable)
rCorr    .         Harm     .   (gloves unavailable)
MR       ++++.                  (boots unavailable)
Stlth    ++++......             i - amulet of faith
HPRegen  1.17/turn              w - ring of protection from magic
MPRegen  0.14/turn              (no ring)

@: regenerating, quick
A: very small, no armour, no weapons or thrown items, stealth, claws 1, fangs 3,
see invisible, carnivore, speed 1, shaggy fur 2, slow metabolism 1, sharp paws
a: Berserk, Trog's Hand, Brothers in Arms, Renounce Religion


You were on level 11 of the Dungeon.
You worshipped Trog.
Trog was exalted by your worship.
You were completely stuffed.

You visited 1 branch of the dungeon, and saw 11 of its levels.
You also visited: Ossuary.

You collected 772 gold pieces.

Inventory:

Jewellery
 i - an amulet of faith (around neck)
 w - a ring of protection from magic (left paw)
Wands
 s - a wand of iceblast (10)
 u - a wand of clouds (4)
 x - a wand of acid (6)
 F - a wand of scattershot (9)
Scrolls
 d - 6 scrolls of remove curse
 k - 2 scrolls of teleportation
 l - 3 scrolls of fog
 n - 3 scrolls of amnesia
 z - 2 scrolls of enchant armour
Potions
 b - a potion of magic
 c - a potion of resistance
 e - 2 potions of berserk rage
 h - 5 potions of curing
 j - a potion of haste {unknown}
 m - a potion of invisibility {unknown}
 o - 3 potions of flight
 p - 5 potions of mutation
 q - a potion of might
 r - a potion of heal wounds {unknown}
 t - a potion of brilliance {unknown}
 E - a potion of degeneration {unknown}
Comestibles
 a - 24 rations
 f - 2 chunks of flesh


   Skills:
 - Level 10.0 Fighting
 - Level 16.0 Dodging
 - Level 5.1 Stealth
 + Level 10.9 Unarmed Combat
 - Level 1.0 Spellcasting
 - Level 5.1 Evocations


You had 11 spell levels left.
You didn't know any spells.
Your spell library was empty.

Dungeon Overview and Level Annotations

Branches:
Dungeon (11/15)            Temple (0/1) D:4             Orc (0/2) D:9
Ossuary (visited)
   Lair: D:8-11

Altars:
Dithmenos
Gozag
Ru
Trog
Vehumet
Wu Jian
Yredelemnul
Beogh

Annotations:
D:5 3 runed translucent doors, exclusion: statue, Error4North's ghost, novice HOFi
D:10 1 transporter, Sajut's ghost, journeyman GnWz


Innate Abilities, Weirdness & Mutations

You cannot wear armour.
You are incapable of wielding weapons or throwing items.
Your paws allow you to move quietly. (Stealth)
You have sharp claws.
You have razor-sharp teeth.
You have supernaturally acute eyesight. (SInv)
You are carnivorous and can eat meat at any time.
You cover ground quickly.
You are covered in thick fur. (AC +2)
You have a slow metabolism.
Your sharp claws are effective at attacking unaware monsters.


Message History

You scratch the killer bee.
The killer bee is almost dead.
The killer bee completely misses you.
You scratch the wolf spider.
The wolf spider is lightly wounded.
You claw the wolf spider!
The wolf spider is moderately wounded.
The wolf spider hits you!! The wolf spider bites you. The wolf spider hits you!
* * * LOW HITPOINT WARNING * * *
The wolf spider misses you.
You are too injured to fight recklessly!
You barely miss the wolf spider.
The wolf spider is moderately wounded.
The wolf spider completely misses you. The wolf spider bites you!
* * * LOW HITPOINT WARNING * * *
Okay, then.
Unknown command.
It was a potion of cancellation.
You feel magically purged. The wolf spider hits you!!
You die...

,,,,*,,,,,,...####.......#
# ,*,,,,,**,**..#
#.......# #
***,,,,**,**..## #.......#
# * *********##..#
#.......########
***,,,,**,*#...#
#.......#.......
,*,,,,.##.##...#
###.......######
,,,,*,..l....Hy#
##..######
******########y####...#
*,*#..ys@...#§#
*,*#...######§#
*,*#......##..# #
**,*#...##....## ##
#,,*#...####.## #.
#.**#...# #.# ##.
***###.###...# #.# ###..
*,,........### ##.# ##....
*,,........# #..# #..#..


You could see a wolf spider, a hippogriff and 2 killer bees.

Vanquished Creatures
  2 ettins (D:11)
  Erolcha (D:9)
  A queen ant (D:9)
  A two-headed ogre (D:9)
  An unseen horror (D:10)
  A deep troll (D:11)
  A manticore (D:9)
  A gargoyle (D:10)
  A troll (shapeshifter) (D:11)
  A troll (D:9)
  A hornet (D:7)
  3 hippogriffs
  A wyvern (D:10)
  6 yaks (D:11)
  2 hungry ghosts
  Grum (D:8)
  21 soldier ants
  2 black bears
  6 ice beasts
  3 sky beasts
  5 orc warriors
  2 phantoms
  2 centaurs
  5 ogres
  4 necrophages
  4 wolves (D:8)
  A crocodile (D:9)
  An elf zombie (Ossuary)
  3 big kobolds (D:9)
  3 gnoll sergeants (D:9)
  5 bullfrogs
  3 scorpions
  A wyvern skeleton (D:6)
  5 killer bees (D:10)
  8 wights
  2 centaur zombies (Ossuary)
  6 crimson imps
  4 bullfrog zombies
  A quasit (D:10)
  2 human zombies (Ossuary)
  2 centaur skeletons
  3 orc priests (D:9)
  2 bullfrog skeletons
  4 hounds
  8 orc wizards
  3 iguanas (D:5)
  28 worker ants
  A big kobold zombie (Ossuary)
  A hound zombie (D:10)
  3 mummies
  A hound skeleton (D:10)
  9 gnolls
  7 adders
  2 shadow imps
  2 oozes
  3 adder zombies
  2 adder skeletons
  2 worms
  5 dart slugs
  4 leopard geckos
  39 orcs
  6 bats
  6 giant cockroaches
  8 goblins
  8 hobgoblins
  9 jackals
  14 kobolds
  6 quokkas
  4 ball pythons
  3 frilled lizards
  14 hobgoblin zombies (Ossuary)
  A jackal skeleton (D:5)
  2 jackal zombies
  6 kobold zombies (Ossuary)
  A leopard gecko zombie (D:5)
  9 orc zombies (Ossuary)
  A quokka zombie (D:7)
  7 rats
360 creatures vanquished.

Vanquished Creatures (others)
  An orc wizard (D:6)
1 creature vanquished.

Grand Total: 361 creatures vanquished

Notes
Turn   | Place    | Note
-------+----------+-------------------------------------------
     0 | D:1      | MisterFreud the Felid Berserker began the quest for the
                  | Orb.
     0 | D:1      | Reached XP level 1. HP: 10/10 MP: 2/2
   157 | D:1      | Reached XP level 2. HP: 12/14 MP: 3/3
   869 | D:2      | Found a shadowy altar of Dithmenos.
   933 | D:2      | Reached XP level 3. HP: 10/18 MP: 4/4
  1123 | D:2      | Reached ** piety under Trog
  1549 | D:2      | Reached skill level 1 in Stealth
  2277 | D:3      | Reached XP level 4. HP: 22/22 MP: 5/5
  2565 | D:3      | Found a basalt altar of Yredelemnul.
  2791 | D:3      | Reached skill level 5 in Fighting
  2871 | D:3      | Reached *** piety under Trog
  3197 | D:4      | Reached XP level 5. HP: 20/26 MP: 6/6
  3199 | D:4      | Noticed an ogre
  3216 | D:4      | Killed an ogre
  3310 | D:4      | Reached skill level 5 in Stealth
  3310 | D:4      | Gained mutation: You are covered in thick fur. (AC +2)
                  | [Felid growth]
  3310 | D:4      | Reached XP level 6. HP: 30/30 MP: 7/7
  3399 | D:4      | Found a sacrificial altar of Ru.
  3459 | D:4      | Found a sand-covered staircase.
  3466 | Ossuary  | Entered an ossuary
  3716 | Ossuary  | Reached **** piety under Trog
  3930 | Ossuary  | Reached skill level 5 in Unarmed Combat
  3995 | Ossuary  | Reached skill level 5 in Dodging
  3995 | Ossuary  | Reached XP level 7. HP: 20/33 MP: 8/8
  4153 | Ossuary  | Reached skill level 6 in Dodging
  4386 | D:4      | Found an ornate altar of the Wu Jian Council.
  4545 | D:4      | Noticed a moth of wrath
  4547 | D:4      | Found a bloodstained altar of Trog.
  4689 | D:4      | Found a staircase to the Ecumenical Temple.
  4722 | D:5      | Entered Level 5 of the Dungeon
  4801 | D:5      | Reached skill level 7 in Dodging
  5144 | D:5      | Reached skill level 8 in Dodging
  5203 | D:5      | Reached skill level 1 in Spellcasting
  5203 | D:5      | Reached skill level 1 in Evocations
  5299 | D:5      | Found a radiant altar of Vehumet.
  5323 | D:5      | Reached XP level 8. HP: 27/37 MP: 10/10
  5374 | D:5      | Found a runed translucent gate.
  5374 | D:5      | Found a runed translucent gate.
  5374 | D:5      | Found a runed translucent gate.
  5375 | D:5      | Noticed Error4North's ghost (novice HOFi)
  5389 | D:5      | Identified the +7 spear of Courage {venom, rN+ MR+ Dex+2}
  5389 | D:5      | Identified the +6 scale mail of the Learner {+Blink SInv}
  5392 | D:5      | Found a roughly hewn altar of Beogh.
  5926 | D:6      | Reached skill level 5 in Evocations
  6313 | D:6      | Found an opulent altar of Gozag.
  6619 | D:7      | Reached ***** piety under Trog
  6666 | D:7      | Reached skill level 9 in Dodging
  6928 | D:7      | Reached XP level 9. HP: 41/41 MP: 13/13
  7355 | D:7      | Reached skill level 10 in Dodging
  7901 | D:8      | HP: 2/43 [hippogriff (6)]
  7901 | D:8      | Slain by a hippogriff
  7902 | D:8      | Reached XP level 8. HP: -3/40 MP: 12/12
  7913 | D:8      | Killed a hippogriff
  8021 | D:8      | You fall into a shaft and drop 1 floor!
  8122 | D:9      | Reached XP level 9. HP: 43/43 MP: 13/13
  8192 | D:9      | Noticed a queen ant
  8222 | D:8      | Reached skill level 11 in Dodging
  8590 | D:8      | Noticed Grum
  8603 | D:8      | Killed Grum
  9352 | D:9      | Reached XP level 10. HP: 49/49 MP: 14/14
  9509 | D:9      | Reached skill level 12 in Dodging
  9688 | D:9      | Killed a queen ant
 10125 | D:9      | Noticed a two-headed ogre
 10283 | D:9      | Slain by an orc warrior
 10284 | D:9      | Reached XP level 9. HP: -1/46 MP: 13/13
 10325 | D:9      | Noticed Erolcha
 10337 | D:9      | Killed Erolcha
 10337 | D:9      | Reached XP level 10. HP: 50/50 MP: 14/14
 10396 | D:10     | Entered Level 10 of the Dungeon
 10562 | D:9      | Reached skill level 13 in Dodging
 10694 | D:9      | Killed a two-headed ogre
 10694 | D:9      | Reached skill level 10 in Unarmed Combat
 10712 | D:9      | HP: 2/51 [poisoned by a soldier ant]
 10985 | D:9      | Reached skill level 10 in Fighting
 11026 | D:9      | Found a staircase to the Orcish Mines.
 11160 | D:9      | Noticed a manticore
 11170 | D:9      | Reached ****** piety under Trog
 11177 | D:9      | Killed a manticore
 11390 | D:9      | Reached skill level 14 in Dodging
 11499 | D:10     | Found a transporter.
 11499 | D:10     | Noticed Sajut's ghost (journeyman GnWz)
 11507 | D:10     | Noticed a frost giant
 11753 | D:10     | Noticed a gargoyle
 11760 | D:10     | Killed a gargoyle
 11899 | D:10     | Noticed an unseen horror
 11905 | D:10     | Killed an unseen horror
 11905 | D:10     | Reached XP level 11. HP: 54/54 MP: 15/15
 11920 | D:10     | You fall into a shaft and drop 1 floor!
 11926 | D:11     | Noticed an ettin
 11931 | D:11     | Noticed an ettin
 11941 | D:11     | Killed an ettin
 11941 | D:11     | Reached skill level 15 in Dodging
 11946 | D:11     | Killed an ettin
 12066 | D:11     | Noticed a deep troll
 12066 | D:11     | Noticed a yaktaur captain
 12066 | D:11     | Noticed a sphinx
 12082 | D:11     | Killed a deep troll
 12082 | D:11     | Reached skill level 16 in Dodging
 12082 | D:11     | Noticed a deep elf high priest
 12088 | D:11     | HP: 4/81 [yaktaur captain (4)]
 12089 | D:11     | Demolished by a sphinx
 12090 | D:11     | Reached XP level 10. HP: -15/76 MP: 14/14
 12625 | D:11     | Noticed a wolf spider
 12637 | D:11     | HP: 1/51 [wolf spider (14)]
 12638 | D:11     | Demolished by a wolf spider

Levels and vault maps discovered:
D:1:      dpeg_arrival_pits, layout_basic
D:2:      layout_loops_ring, lemuel_doored_altar, first_ration
D:3:      layout_rooms, marbit_many_paths, minivault_19, hex_tiny, st_stairs_7
D:4:      layout_rooms, nicolae_overflow_crystal_walls, tgw_trog,
          minmay_temple_entry_fiery, gup_ossuary_entry_pyramid,
          lemuel_statue_altar
D:5:      layout_gridville, vehumet_statue, biasface_ghost_orc_armoury
D:6:      layout_loops_ring, grunt_gozag_statues
D:7:      layout_loops_ring
D:8:      layout_loops_ring, hangedman_pestilent_swarm,
          hangedman_abyss_or_decor_clamps, uniq_grum
D:9:      layout_irregular_city, kennysheep_orc_monster_closet_entryway,
          minivault_29, uniq_erolcha
D:10:     layout_basic, lair_entry_dummy, gammafunk_ghost_arena,
          chequers_serial_rivers_micro_a, centaur_isle
D:11:     minmay_tile_spiral, layout_rooms

Skill      XL: |  1  2  3  4  5  6  7  8  9 10 11 |
---------------+----------------------------------+-----
Fighting       | 4 5 6 8 10 | 10.0
Stealth        | 1 3 5 |  5.1
Unarmed Combat | 4 5 6 8 10 | 10.9
Dodging        | 5 8 9 11 14 16 | 16.0
Spellcasting   | 1 |  1.0
Evocations     | 2 5 |  5.1

Action                   |  1- 3 |  4- 6 |  7- 9 | 10-12 || total
-------------------------+-------+-------+-------+-------++-------
Melee: Unarmed           |   121 |   208 |   512 |   501 ||  1342
       Bite              |    10 |    26 |    66 |    54 ||   156
       Punch             |     2 |     6 |    18 |    24 ||    50
Invok: Berserk           |     6 |     5 |    22 |    16 ||    49
       Trog's Hand       |     1 |     1 |     5 |    10 ||    17
  Use: Scroll            |       |       |     3 |    14 ||    17
       Potion            |       |       |     2 |     2 ||     4
 Stab: Sleeping          |     3 |     8 |    22 |     8 ||    41
       Distracted        |       |       |     2 |     3 ||     5
  Eat: Chunk             |    14 |     5 |    41 |    33 ||    93
Armor: Skin              |       |     8 |    13 |     9 ||    30
Dodge: Dodged            |    95 |   121 |   488 |   479 ||  1183

Table legend:
 A = Non-vault XP
 B = Vault XP
 C = Vault XP percentage of total XP
 D = Non-vault monster count
 E = Vault monster count
 F = Vault count percentage of total count
                 A         B        C        D         E       F
            +---------+---------+-------+---------+---------+-------
      Total |   12196 |   11618 |  48.8 |     246 |     115 |  31.9
            +---------+---------+-------+---------+---------+-------
        D:1 |      24 |       0 |   0.0 |      13 |       0 |   0.0
        D:2 |      52 |       0 |   0.0 |      22 |       0 |   0.0
        D:3 |      93 |       4 |   4.1 |      29 |       2 |   6.5
        D:4 |     316 |      22 |   6.5 |      13 |       5 |  27.8
        D:5 |     629 |       0 |   0.0 |      19 |       0 |   0.0
        D:6 |     868 |       0 |   0.0 |      20 |       0 |   0.0
        D:7 |    1925 |       0 |   0.0 |      29 |       0 |   0.0
        D:8 |     980 |    1448 |  59.6 |      19 |      14 |  42.4
        D:9 |    2852 |    6522 |  69.6 |      39 |      51 |  56.7
       D:10 |    2434 |       0 |   0.0 |      25 |       0 |   0.0
       D:11 |    2023 |    3244 |  61.6 |      18 |       4 |  18.2
    Ossuary |       0 |     378 | 100.0 |       0 |      39 | 100.0
            +---------+---------+-------+---------+---------+-------
